[Event "Titled Tuesday Blitz May 16 Late 2023"]
[White "Tarnowska, Aleksandra"]
[Black "Einarsson, Halldor Gretar"]
[WhiteFideId "1180967"]
[BlackFideId "2300150"]
[WhiteElo "1776"]
[BlackElo "2110"]
[Result "0-1"]
[Round "09"]
[TimeControl "180+2"]
[Date "2023.05.16"]
[WhiteClock "0:00:03"]
[BlackClock "0:00:39"]

1. e4 c5 2. Nf3 Nc6 3. Bb5 g6 4. O-O Bg7 5. c3 Nf6 6. Re1 O-O 7. d4 cxd4 8. cxd4 d5 9. e5 Ne4 10. Nc3 Nxc3 11. bxc3 Qa5 12. Qb3 Bd7 13. Bg5 e6 14. Bf6 Nxe5 15. dxe5 Bxb5 16. Nd4 Ba6 17. Re3 Rac8 18. Rh3 Qc7 19. Qc2 Bxf6 20. exf6 Qe5 21. Qd2 Qxf6 22. Qh6 Qg7 23. Qh4 Rc4 24. f3 Rfc8 25. g4 Rxc3 26. Nb3 Rxb3 27. axb3 Qxa1+ 28. Kg2 Rc2+ 29. Kg3 Qe5+ 30. f4 Qe3# 0-1


[Site "https://www.chess.com"]

[Event "Titled Tuesday Blitz May 16 Late 2023"]
[White "ritanovikova"]
[Black "Xavier_mompel"]
[WhiteElo "2140"]
[BlackElo "2234"]
[Result "1-0"]
[Round "09"]
[TimeControl "180+2"]
[Date "2023.05.16"]
[WhiteClock "0:02:21"]
[BlackClock "0:00:57"]

1. e4 c5 2. Nc3 e6 3. d3 Nc6 4. g3 Nf6 5. Bg2 d5 6. exd5 exd5 7. Nge2 Bd6 8. Bf4 d4 9. Ne4 Nxe4 10. Bxe4 O-O 11. O-O Bh3 12. Re1 Re8 13. Bxd6 Qxd6 14. Nf4 Bd7 15. Qh5 g6 16. Qh6 Ne5 17. Nh5 1-0


[Site "https://www.chess.com"]

[Event "Titled Tuesday Blitz May 16 Late 2023"]
[White "rikchessmx"]
[Black "Chessadiction1990"]
[WhiteElo "2227"]
[BlackElo "2134"]
[Result "1-0"]
[Round "09"]
[TimeControl "180+2"]
[Date "2023.05.16"]
[WhiteClock "0:02:33"]
[BlackClock "0:00:27"]

1. e4 c5 2. Nf3 d6 3. d4 cxd4 4. Nxd4 Nf6 5. Nc3 g6 6. f4 Nc6 7. Nxc6 bxc6 8. Bd3 Bg7 9. O-O O-O 10. Kh1 Qc7 11. Qe1 e5 12. f5 d5 13. Bg5 d4 14. Ne2 a5 15. Qh4 Nd7 16. Be7 Re8 17. fxg6 hxg6 18. Bc4 Nf6 19. Bxf6 Be6 20. Bxe6 Rxe6 21. Bxg7 Kxg7 22. Qg3 Rh8 23. Nxd4 Re7 24. Nf5+ 1-0


[Site "https://www.chess.com"]

[Event "Titled Tuesday Blitz May 16 Late 2023"]
[White "Manu_ChessExcelsior"]
[Black "KorolDimitriy75"]
[WhiteElo "2053"]
[BlackElo "2413"]
[Result "0-1"]
[Round "09"]
[TimeControl "180+2"]
[Date "2023.05.16"]
[WhiteClock "0:00:12"]
[BlackClock "0:00:11"]

1. e4 c5 2. g3 g6 3. Bg2 Bg7 4. d3 Nc6 5. f4 d6 6. Nf3 e5 7. O-O Nge7 8. c3 O-O 9. Be3 h6 10. f5 gxf5 11. Nh4 f4 12. gxf4 exf4 13. Bxf4 Ng6 14. Nxg6 fxg6 15. Na3 g5 16. Be3 Be6 17. Qd2 Qd7 18. d4 Rxf1+ 19. Rxf1 cxd4 20. cxd4 Bxa2 21. e5 dxe5 22. d5 Nd4 23. Be4 Bxd5 24. Qd3 Bxe4 25. Qxe4 Qc6 26. Qg4 Rf8 27. Rc1 Qd5 28. Nc4 b5 29. Nd2 e4 30. Nf1 Nf3+ 31. Kg2 Qd3 32. Rc7 Qe2+ 33. Bf2 Ne1+ 34. Kg1 Qxf2+ 35. Kh1 Qxf1+ 36. Qg1 Qf3+ 37. Qg2 Qxg2# 0-1


[Site "https://www.chess.com"]

[Event "Titled Tuesday Blitz May 16 Late 2023"]
[White "Escalante Ramirez, Rafael"]
[Black "Curtis, John"]
[WhiteFideId "3900177"]
[BlackFideId "3200256"]
[WhiteElo "2231"]
[BlackElo "2203"]
[Result "0-1"]
[Round "09"]
[TimeControl "180+2"]
[Date "2023.05.16"]
[WhiteClock "0:00:17"]
[BlackClock "0:01:32"]

1. Nf3 d5 2. d4 c6 3. c4 Nf6 4. e3 Bf5 5. Nc3 e6 6. Bd3 Bxd3 7. Qxd3 Be7 8. O-O O-O 9. e4 dxe4 10. Nxe4 Nxe4 11. Qxe4 Nd7 12. Bf4 Nf6 13. Qe2 Bd6 14. Bg5 h6 15. Bh4 Be7 16. Rad1 Re8 17. Ne5 Nd7 18. Bg3 Nxe5 19. Bxe5 Bf6 20. Rd3 Qe7 21. f4 Rad8 22. Kh1 Rd7 23. Rb3 Bxe5 24. dxe5 Red8 25. h3 c5 26. Qf3 b6 27. Re3 Rd2 28. Re2 R2d3 29. Qg4 R8d4 30. b3 g6 31. Rf3 h5 32. Qg3 Rxf3 33. Qxf3 Qd7 34. Kh2 Rd3 35. Qa8+ Kg7 36. Rf2 h4 37. Qe4 Rd1 38. Re2 Qd4 39. Qe3 Qa1 40. g4 Rh1+ 0-1


[Site "https://www.chess.com"]

[Event "Titled Tuesday Blitz May 16 Late 2023"]
[White "Barria Santos, Jose Guilherme"]
[Black "Joubert, Dantelle"]
[WhiteFideId "1939300"]
[BlackFideId "14310813"]
[WhiteElo "2266"]
[BlackElo "1507"]
[Result "1-0"]
[Round "09"]
[TimeControl "180+2"]
[Date "2023.05.16"]
[WhiteClock "0:01:00"]
[BlackClock "0:00:00"]

1. e4 c5 2. Nf3 d6 3. d4 cxd4 4. Nxd4 Nf6 5. Nc3 g6 6. Be3 Bg7 7. Qd2 Nc6 8. f3 O-O 9. O-O-O d5 10. exd5 Nxd5 11. Nxc6 bxc6 12. Bd4 e5 13. Bc5 Be6 14. Ne4 Qh4 15. g3 Qh5 16. g4 Qh4 17. Bf2 Qd8 18. h4 Rb8 19. h5 Nb4 20. a3 Na2+ 21. Kb1 Qxd2 22. Rxd2 f5 23. Ng5 Nc3+ 24. Ka1 Bh6 25. Nxe6 Bxd2 26. Nxf8 Kxf8 27. Bc5+ Ke8 28. Bb4 Ne4 29. fxe4 Bxb4 30. axb4 Rxb4 31. hxg6 hxg6 32. exf5 Rxg4 33. fxg6 Rxg6 34. Bd3 Rg4 35. Re1 Rg5 36. Kb1 Kd7 37. Re4 Kc7 38. Ka2 Kb6 39. Kb3 a5 40. Kc4 Rh5 41. Re2 Rh4+ 42. Kc3 1-0


[Site "https://www.chess.com"]

[Event "Titled Tuesday Blitz May 16 Late 2023"]
[White "Dmitriev, Sergey"]
[Black "Osmonbekov, Talaibek"]
[WhiteFideId "14101785"]
[BlackFideId "2017253"]
[WhiteElo "2132"]
[BlackElo "2135"]
[Result "0-1"]
[Round "09"]
[TimeControl "180+2"]
[Date "2023.05.16"]
[WhiteClock "0:00:20"]
[BlackClock "0:00:18"]

1. d4 e6 2. Bf4 f5 3. Nf3 Nf6 4. Ne5 g6 5. e3 Bg7 6. h3 d6 7. Nf3 O-O 8. Nbd2 Nc6 9. c3 Nh5 10. Bh2 e5 11. dxe5 dxe5 12. Qb3+ Kh8 13. O-O-O Qe8 14. Ng5 h6 15. Ngf3 a5 16. a4 Be6 17. Bc4 Bd7 18. Rhe1 Rb8 19. Bb5 Be6 20. Qc2 Bf7 21. Nb3 Qe7 22. Rd2 e4 23. Nfd4 Ne5 24. Bxe5 Bxe5 25. Red1 c6 26. Be2 Nf6 27. Bf1 Rfc8 28. Ne2 b5 29. axb5 cxb5 30. Nf4 b4 31. Nd4 bxc3 32. bxc3 Qa3+ 33. Qb2 Rxc3+ 34. Kb1 Rxb2+ 35. Rxb2 Bxd4 36. Rxd4 Rb3 37. Rd2 a4 38. Ne2 Qb4 39. Rc2 a3 40. Rxb3 Qxb3+ 41. Kc1 a2 42. Rc8+ Kg7 43. Nc3 a1=Q+ 44. Kd2 Qab2+ 45. Ke1 Qc1+ 46. Ke2 Bc4+ 47. Rxc4 Qxc4# 0-1


[Site "https://www.chess.com"]

[Event "Titled Tuesday Blitz May 16 Late 2023"]
[White "Stead, Kerry"]
[Black "Sanchez, Robert"]
[WhiteFideId "3202577"]
[BlackFideId "2034360"]
[WhiteElo "1997"]
[BlackElo "1857"]
[Result "1-0"]
[Round "09"]
[TimeControl "180+2"]
[Date "2023.05.16"]
[WhiteClock "0:02:25"]
[BlackClock "0:02:24"]

1. d4 Nf6 2. f3 e6 3. e4 d5 4. Be3 dxe4 5. Nd2 Nd5 6. Qe2 Nxe3 7. Qxe3 exf3 8. Ngxf3 Be7 9. Bd3 O-O 10. O-O Nc6 11. c3 Bd7 12. Rae1 a6 13. Nc4 b5 14. Nce5 Nxe5 15. Nxe5 c5 16. dxc5 Rc8 17. b4 Bc6 18. Nxc6 1-0


[Site "https://www.chess.com"]

[Event "Titled Tuesday Blitz May 16 Late 2023"]
[White "Vargas, Mauricio"]
[Black "Gu, Ethan"]
[WhiteFideId "4404572"]
[BlackFideId "30909236"]
[WhiteElo "1986"]
[BlackElo "2228"]
[Result "0-1"]
[Round "09"]
[TimeControl "180+2"]
[Date "2023.05.16"]
[WhiteClock "0:00:00"]
[BlackClock "0:00:10"]

1. e4 c5 2. Nc3 e6 3. f4 Nc6 4. Nf3 d6 5. Bb5 Bd7 6. Bxc6 Bxc6 7. d3 Nf6 8. O-O Be7 9. Qe1 O-O 10. Qg3 b5 11. e5 dxe5 12. fxe5 Nd5 13. Bh6 g6 14. Bxf8 Qxf8 15. Ne4 Qh6 16. Kh1 Ne3 17. Rf2 Bxe4 18. dxe4 Rd8 19. c3 Nc4 20. b3 Nb6 21. Raf1 Rd3 22. h3 Rxc3 23. Qg4 Nd7 24. Nh2 Nxe5 25. Qf4 Qxf4 26. Rxf4 Rc2 27. Ng4 Nxg4 28. hxg4 f6 29. e5 f5 30. gxf5 gxf5 31. R4f2 Rc3 32. Rd1 Re3 33. Rd7 Kf7 34. Rf3 Re1+ 35. Kh2 Rxe5 36. Rh3 Kf6 37. Rxa7 Bd6 38. Rhxh7 Re1+ 39. g3 Re2+ 40. Kg1 Bxg3 41. Rh6+ Ke5 42. Ra6 Kd5 43. Rh7 f4 44. Rd7+ Ke5 45. Re7 Kf5 46. Rf7+ Kg4 47. Rf6 e5 48. Rad6 f3 49. Rd1 Rg2+ 50. Kf1 Rh2 51. Rg6+ Kf4 52. Rf6+ Ke3 53. Kg1 f2+ 0-1


[Site "https://www.chess.com"]

[Event "Titled Tuesday Blitz May 16 Late 2023"]
[White "Hakobyan, Aram"]
[Black "Bortnyk, Olexandr"]
[WhiteFideId "13306677"]
[BlackFideId "14120828"]
[WhiteElo "2584"]
[BlackElo "2734"]
[Result "1/2-1/2"]
[Round "10"]
[TimeControl "180+2"]
[Date "2023.05.16"]
[WhiteClock "0:00:22"]
[BlackClock "0:00:07"]

1. e4 Nf6 2. e5 Nd5 3. d4 d6 4. c4 Nb6 5. exd6 exd6 6. Bd3 Nc6 7. Ne2 Be7 8. h3 Nb4 9. Nbc3 Nxd3+ 10. Qxd3 O-O 11. O-O Bf6 12. Ng3 Be6 13. b3 Re8 14. Nh5 d5 15. c5 Nd7 16. Bf4 c6 17. Nxf6+ Qxf6 18. Qd2 Qg6 19. Kh2 Nf6 20. f3 Nd7 21. Rfe1 f6 22. Bd6 Bf7 23. b4 a6 24. a4 Rxe1 25. Rxe1 Re8 26. Rxe8+ Bxe8 27. b5 axb5 28. axb5 Nf8 29. Qe3 Qf7 30. b6 Qe6 31. Qf2 Ng6 32. Ne2 Bd7 33. Nc1 Qf5 34. Qe3 Qc2 35. Ne2 h5 36. Nf4 Nxf4 37. Qxf4 Qf5 38. Qg3 Qe6 39. Bb8 Bc8 40. Qc7 Qd7 41. Qf4 Qf5 42. Qg3 Qe6 43. Bf4 Kf7 44. Bd2 Qf5 45. Qc7+ Qd7 46. h4 Ke7 47. Bf4 Kf7 48. Kg1 Kg6 49. Bg3 Kf7 50. Kf2 Kg6 51. Bf4 Qf5 52. Kg3 Qd7 53. Bd6 Kf7 54. Kf4 Kg6 55. Kg3 Kf7 56. Qxd7+ Bxd7 57. Kf4 Kg6 1/2-1/2


[Site "https://www.chess.com"]

[Event "Titled Tuesday Blitz May 16 Late 2023"]
[White "Mihajlov, Sebastian"]
[Black "Bluebaum, Matthias"]
[WhiteFideId "1512110"]
[BlackFideId "24651516"]
[WhiteElo "2478"]
[BlackElo "2639"]
[Result "0-1"]
[Round "10"]
[TimeControl "180+2"]
[Date "2023.05.16"]
[WhiteClock "0:01:17"]
[BlackClock "0:02:04"]

1. e4 e6 2. d4 d5 3. Nc3 Nf6 4. Bg5 dxe4 5. Nxe4 Be7 6. Nxf6+ Bxf6 7. Bxf6 Qxf6 8. Nf3 O-O 9. Qd3 Bd7 10. Ne5 Rd8 11. Qe3 Nc6 12. c3 Ne7 13. Nxd7 Rxd7 14. Be2 Rad8 15. O-O Nd5 16. Qc1 Nf4 17. Bf3 c5 18. dxc5 Rd3 19. Rd1 Rxf3 20. Rxd8+ Qxd8 0-1


[Site "https://www.chess.com"]

[Event "Titled Tuesday Blitz May 16 Late 2023"]
[White "Zhigalko, Sergei"]
[Black "Samsonkin, Artiom"]
[WhiteFideId "13502956"]
[BlackFideId "13503111"]
[WhiteElo "2626"]
[BlackElo "2524"]
[Result "0-1"]
[Round "10"]
[TimeControl "180+2"]
[Date "2023.05.16"]
[WhiteClock "0:00:00"]
[BlackClock "0:00:26"]

1. e4 c5 2. c3 d5 3. exd5 Qxd5 4. d4 g6 5. Nf3 Bg7 6. Na3 cxd4 7. Bc4 Qe4+ 8. Be3 Nh6 9. Nb5 O-O 10. cxd4 Nc6 11. Nc3 Qg4 12. O-O Nf5 13. h3 Qh5 14. Nd5 e5 15. dxe5 Nxe3 16. Nxe3 Nxe5 17. Nxe5 Qxe5 18. Rb1 Be6 19. Qf3 b5 20. Bxe6 Qxe6 21. b3 Rad8 22. Rfd1 h5 23. Nd5 a5 24. Rd3 Rd7 25. Rbd1 Rfd8 26. h4 Kh8 27. g3 a4 28. Kg2 a3 29. R1d2 Qe5 30. Rd1 Qb2 31. R1d2 Qb1 32. Qe2 Qa1 33. Rd1 Qb2 34. R1d2 Rxd5 0-1


[Site "https://www.chess.com"]

[Event "Titled Tuesday Blitz May 16 Late 2023"]
[White "Kramnik, Vladimir"]
[Black "Naroditsky, Daniel"]
[WhiteFideId "4101588"]
[BlackFideId "2026961"]
[WhiteElo "2703"]
[BlackElo "2633"]
[Result "0-1"]
[Round "10"]
[TimeControl "180+2"]
[Date "2023.05.16"]
[WhiteClock "0:00:00"]
[BlackClock "0:00:06"]

1. e4 c5 2. Nf3 d6 3. d4 cxd4 4. Nxd4 Nf6 5. Nc3 a6 6. Bc4 e6 7. Be3 b5 8. Bb3 Qc7 9. f3 Be7 10. g4 b4 11. Nce2 h6 12. c3 bxc3 13. Nxc3 Nbd7 14. Rc1 Nc5 15. Ba4+ Bd7 16. Bxd7+ Qxd7 17. b4 Nb7 18. a4 O-O 19. O-O Rfc8 20. Qe2 Rc7 21. b5 axb5 22. Ndxb5 Rcc8 23. Rfd1 Ne8 24. Bd4 Na5 25. Qa2 Bg5 26. Rb1 Nc4 27. Qe2 Bf4 28. Bf2 Qe7 29. Rd4 Ne5 30. Bg3 Qf6 31. Kg2 Ng6 32. Rbd1 Be5 33. Qe3 Bxd4 34. Rxd4 Rc6 35. f4 Rac8 36. e5 dxe5 37. fxe5 Qe7 38. Ne4 Rc2+ 39. Kh3 Nc7 40. Ned6 Rb8 41. Qd3 Rc5 42. Ne4 Nxb5 43. Rd7 Qh4+ 44. Bxh4 Nf4+ 45. Kg3 Nxd3 46. Rxd3 Rxe5 47. Kf4 Rd5 48. Rb3 g5+ 49. Bxg5 hxg5+ 50. Nxg5 Rd4+ 51. Kg3 Rxa4 0-1


[Site "https://www.chess.com"]

[Event "Titled Tuesday Blitz May 16 Late 2023"]
[White "Caruana, Fabiano"]
[Black "Grigoriants, Sergey"]
[WhiteFideId "2020009"]
[BlackFideId "4130804"]
[WhiteElo "2837"]
[BlackElo "2502"]
[Result "1/2-1/2"]
[Round "10"]
[TimeControl "180+2"]
[Date "2023.05.16"]
[WhiteClock "0:00:17"]
[BlackClock "0:00:15"]

1. c4 e5 2. Nc3 Nf6 3. g3 Bb4 4. e4 O-O 5. Nge2 Nc6 6. Bg2 Bc5 7. O-O a6 8. d3 d6 9. h3 h6 10. Kh2 Rb8 11. f4 b5 12. f5 Nd4 13. Nxd4 Bxd4 14. cxb5 axb5 15. Ne2 Bb6 16. g4 d5 17. Qe1 dxe4 18. dxe4 Bb7 19. Ng3 Ra8 20. Bf3 Ra4 21. Kg2 Qa8 22. b3 Rxa2+ 23. Rxa2 Qxa2+ 24. Qd2 Qxd2+ 25. Bxd2 Rd8 26. Bc3 Bd4 27. Ba5 Ra8 28. b4 c5 29. h4 cxb4 30. Bxb4 Ra2+ 31. Kh3 Rf2 32. Rxf2 Bxf2 33. g5 hxg5 34. hxg5 Bxg3 35. Kxg3 Nxe4+ 36. Kg2 f6 37. g6 Bd5 38. Ba5 Bb7 39. Bb4 Bd5 40. Ba5 Bb7 41. Bb4 1/2-1/2


[Site "https://www.chess.com"]

[Event "Titled Tuesday Blitz May 16 Late 2023"]
[White "Durarbayli, Vasif"]
[Black "Andreikin, Dmitry"]
[WhiteFideId "13402935"]
[BlackFideId "4158814"]
[WhiteElo "2551"]
[BlackElo "2736"]
[Result "0-1"]
[Round "10"]
[TimeControl "180+2"]
[Date "2023.05.16"]
[WhiteClock "0:00:00"]
[BlackClock "0:00:01"]

1. e4 g6 2. d4 Bg7 3. Nc3 d6 4. Be3 a6 5. g4 b5 6. Bg2 b4 7. Nd5 a5 8. a3 c6 9. Nf4 bxa3 10. Rxa3 Nf6 11. h3 O-O 12. Nge2 Nbd7 13. g5 Ne8 14. h4 e5 15. Nd3 Nc7 16. dxe5 Nb5 17. Ra4 Nb6 18. Ra1 Nc4 19. Bc1 Bg4 20. f3 Bh5 21. exd6 Qxd6 22. Bf4 Qe7 23. Kf2 Nxb2 24. Nxb2 Bxb2 25. Ra2 Rfd8 26. Qe1 Qc5+ 27. Be3 Qxc2 28. Qb1 Qxb1 29. Rxb1 Be5 30. Bb6 Rd3 31. Rxa5 Re8 32. Rc1 Rd2 33. Be3 Rb2 34. Kf1 f5 35. gxf6 Bxf6 36. Rxc6 Bxh4 37. Rb6 Rb1+ 38. Nc1 Rc8 39. Rbxb5 Rcxc1+ 40. Bxc1 Rxc1+ 41. Ke2 Rc2+ 42. Kf1 Rc1+ 43. Ke2 Rc2+ 44. Kf1 Kg7 45. Rb7+ Kh6 46. Rab5 Rc1+ 47. Ke2 Rc2+ 48. Kf1 Rf2+ 49. Kg1 Bxf3 50. Rb2 Rxg2+ 0-1


[Site "https://www.chess.com"]

[Event "Titled Tuesday Blitz May 16 Late 2023"]
[White "Kamsky, Gata"]
[Black "Martinez Alcantara, Jose Eduardo"]
[WhiteFideId "2000024"]
[BlackFideId "3805662"]
[WhiteElo "2660"]
[BlackElo "2711"]
[Result "0-1"]
[Round "10"]
[TimeControl "180+2"]
[Date "2023.05.16"]
[WhiteClock "0:00:00"]
[BlackClock "0:00:04"]

1. e4 c5 2. Nf3 d6 3. d4 cxd4 4. Nxd4 Nf6 5. Nc3 a6 6. a4 g6 7. Be2 Bg7 8. O-O O-O 9. Be3 Nc6 10. Qd2 Bd7 11. Rfd1 Rc8 12. f3 Na5 13. Nd5 Nc6 14. Nxc6 Bxc6 15. Nb6 Rb8 16. a5 Nd7 17. c4 Nxb6 18. Bxb6 Qc8 19. Rac1 f5 20. exf5 Qxf5 21. b4 Be5 22. Bd4 Rbc8 23. Bxe5 Qxe5 24. Re1 Qf4 25. Qxf4 Rxf4 26. b5 Be8 27. bxa6 bxa6 28. c5 dxc5 29. Bxa6 Ra8 30. Bc4+ Kf8 31. a6 Bf7 32. Bb5 c4 33. Re5 Rf6 34. Rc5 Ra7 35. Rc8+ Kg7 36. Rb8 Rf5 37. Rb6 Rc5 38. Rc3 g5 39. Bc6 Rc7 40. Bb5 Ra7 41. Kf2 h5 42. Ke3 h4 43. Kd2 Rd5+ 44. Kc1 Re5 45. Bc6 Ra5 46. Bb7 Ra2 47. Rc2 Ra3 48. Kb2 Ra5 49. g3 Re5 50. f4 gxf4 51. gxf4 Rf5 52. Rg2+ Kf8 53. Rg4 h3 54. Rh4 Kg7 55. Kc3 Ra5 56. Rbh6 Ra3+ 57. Kb2 Rb3+ 58. Kc2 Bg6+ 59. Rxg6+ Kxg6 60. f5+ Kxf5 61. Rxc4 Ra3 62. Kb2 Ra5 63. Rh4 e5 64. Rxh3 R5xa6 65. Bxa6 Rxa6 66. Kc2 Kf4 67. Rh4+ Kf3 68. Kd2 e4 69. Rh3+ Kf2 0-1


[Site "https://www.chess.com"]

[Event "Titled Tuesday Blitz May 16 Late 2023"]
[White "Xiong, Jeffery"]
[Black "Sarana, Alexey"]
[WhiteFideId "2047640"]
[BlackFideId "24133795"]
[WhiteElo "2726"]
[BlackElo "2714"]
[Result "0-1"]
[Round "10"]
[TimeControl "180+2"]
[Date "2023.05.16"]
[WhiteClock "0:00:15"]
[BlackClock "0:00:04"]

1. e4 c5 2. Nf3 d6 3. Nc3 Nf6 4. d4 cxd4 5. Qxd4 Nc6 6. Qd3 g6 7. Nd5 Bg7 8. c3 O-O 9. Bg5 Nxd5 10. exd5 Ne5 11. Nxe5 dxe5 12. Be2 Qd6 13. Rd1 b6 14. O-O f5 15. f3 f4 16. Qc2 Bf5 17. Bd3 Rac8 18. Be4 Bxe4 19. Qxe4 Bf6 20. Bh6 Rfd8 21. g3 Rc5 22. c4 b5 23. b3 bxc4 24. bxc4 Rdc8 25. Rc1 Qa6 26. gxf4 Rxc4 27. Rxc4 Rxc4 28. Qe2 exf4 29. d6 Kf7 30. Re1 e5 31. Bxf4 exf4 32. Qe8+ Kg7 33. Qd7+ Kh6 34. Qh3+ Kg7 35. Qd7+ Kh6 36. Qh3+ Kg5 37. Kh1 h5 38. Qe6 Qc6 39. Rf1 Rc1 40. h4+ Kh6 41. Rxc1 Qxc1+ 42. Kg2 Qd2+ 43. Kh3 Qd4 44. d7 Kg7 0-1


[Site "https://www.chess.com"]

[Event "Titled Tuesday Blitz May 16 Late 2023"]
[White "Remizov, Yaroslav"]
[Black "Lazavik, Denis"]
[WhiteFideId "34134015"]
[BlackFideId "13515110"]
[WhiteElo "2400"]
[BlackElo "2560"]
[Result "1-0"]
[Round "10"]
[TimeControl "180+2"]
[Date "2023.05.16"]
[WhiteClock "0:00:17"]
[BlackClock "0:00:00"]

1. e4 c5 2. Nf3 e6 3. d4 cxd4 4. Nxd4 Nc6 5. g3 d5 6. Bg2 dxe4 7. Nxc6 Qxd1+ 8. Kxd1 bxc6 9. Bxe4 Bb7 10. Ke2 Nf6 11. Bd3 O-O-O 12. Nd2 Be7 13. Nc4 Nd5 14. a3 c5 15. Rd1 f6 16. Na5 Ba8 17. Bd2 g5 18. b4 cxb4 19. axb4 Bxb4 20. Nc4 Bxd2 21. Rxa7 Kb8 22. Rda1 Bb7 23. Kxd2 Rd7 24. R7a3 Kc7 25. Na5 Bc8 26. Bb5 Rdd8 27. c4 Ne7+ 28. Kc3 Rd6 29. Nb3 Kd8 30. Ra8 Kc7 31. R1a7+ Kd8 32. c5 Rd5 33. Bc4 Rd1 34. Bxe6 Re8 35. Nd4 Rxd4 36. Bxc8 Rd5 37. Be6+ 1-0


[Site "https://www.chess.com"]

[Event "Titled Tuesday Blitz May 16 Late 2023"]
[White "Deac, Bogdan-Daniel"]
[Black "Mahdavi, Reza"]
[WhiteFideId "1226380"]
[BlackFideId "12595926"]
[WhiteElo "2649"]
[BlackElo "2352"]
[Result "0-1"]
[Round "10"]
[TimeControl "180+2"]
[Date "2023.05.16"]
[WhiteClock "0:00:23"]
[BlackClock "0:01:18"]

1. d4 Nf6 2. Nf3 g6 3. Nbd2 d5 4. Nb3 Bg7 5. Bf4 O-O 6. e3 b6 7. h3 c5 8. c3 Nc6 9. Bb5 Bd7 10. dxc5 Ne4 11. Qxd5 Nxc3 12. bxc3 Bxc3+ 13. Ke2 Nd4+ 14. Nfxd4 Bxb5+ 15. Nxb5 Qxd5 16. Nxc3 Qc4+ 17. Kd2 Rfd8+ 18. Kc2 Rd3 19. Be5 f6 20. Rad1 Rxd1 21. Rxd1 fxe5 22. cxb6 axb6 23. Kb2 Rc8 24. Rc1 Qd3 25. Rc2 b5 26. a3 Rc4 27. Nc1 Qf1 28. N1a2 Qxg2 29. f4 Qxh3 30. fxe5 Qxe3 0-1


[Site "https://www.chess.com"]

[Event "Titled Tuesday Blitz May 16 Late 2023"]
[White "benny_aizenberg"]
[Black "Pap, Gyula"]
[BlackFideId "725323"]
[WhiteElo "2703"]
[BlackElo "2519"]
[Result "1/2-1/2"]
[Round "10"]
[TimeControl "180+2"]
[Date "2023.05.16"]
[WhiteClock "0:00:15"]
[BlackClock "0:00:05"]

1. e4 e5 2. Nf3 Nc6 3. d4 exd4 4. Nxd4 Nf6 5. Nxc6 bxc6 6. e5 Qe7 7. Qe2 Nd5 8. h4 d6 9. c4 Nb6 10. exd6 cxd6 11. Be3 g6 12. Bd4 Rg8 13. Nc3 Bg4 14. f3 Qxe2+ 15. Bxe2 Be6 16. Ne4 Be7 17. b3 Nd7 18. O-O-O h6 19. Be3 d5 20. Nc3 dxc4 21. Bxc4 Bxc4 22. bxc4 O-O-O 23. Rhe1 Bxh4 24. Re2 Ne5 25. Rxd8+ Rxd8 26. Bxa7 Nxc4 27. Re4 Bg5+ 28. f4 Nd6 29. fxg5 Nxe4 30. Nxe4 hxg5 31. Nxg5 Rd5 32. Be3 f6 33. Nf3 g5 34. Kc2 Kb7 35. g4 Ra5 36. Kb3 Rb5+ 37. Kc3 Ra5 38. Kb3 Rb5+ 39. Kc3 Ra5 40. Kb3 1/2-1/2


[Site "https://www.chess.com"]

[Event "Titled Tuesday Blitz May 16 Late 2023"]
[White "Iturrizaga Bonelli, Eduardo"]
[Black "Makarian, Rudik"]
[WhiteFideId "3901211"]
[BlackFideId "44105681"]
[WhiteElo "2637"]
[BlackElo "2461"]
[Result "1-0"]
[Round "10"]
[TimeControl "180+2"]
[Date "2023.05.16"]
[WhiteClock "0:00:12"]
[BlackClock "0:00:00"]

1. c4 e6 2. g3 d5 3. d4 Nf6 4. Bg2 Bb4+ 5. Nd2 O-O 6. Nf3 a5 7. O-O a4 8. a3 Bxd2 9. Bxd2 Nc6 10. Rc1 Bd7 11. cxd5 exd5 12. Bg5 h6 13. Bxf6 Qxf6 14. e3 Qd6 15. Rc5 b6 16. Rc3 Na5 17. Ne5 Bf5 18. Qxa4 c5 19. Qd1 c4 20. Qa4 f6 21. Qb5 fxe5 22. Bxd5+ Kh8 23. Bxa8 Rxa8 24. Qxe5 Qxe5 25. dxe5 Kg8 26. Rd1 Bd3 27. f4 Kf7 28. Kf2 Ke6 29. Kf3 Rd8 30. Re1 b5 31. e4 Nb3 32. Ke3 Nc5 33. Rd1 Na4 34. Rcxd3 cxd3 35. Rxd3 Rxd3+ 36. Kxd3 Nxb2+ 37. Kd4 Nc4 38. f5+ Kd7 39. a4 Nxe5 40. axb5 Kd6 41. h3 Nd7 42. g4 Ne5 43. b6 Nc6+ 44. Kc4 Ke5 45. Kd3 Kd6 46. Ke3 Kc5 47. b7 Kd6 48. Kf4 Kc7 49. g5 hxg5+ 50. Kxg5 Ne5 51. f6 gxf6+ 52. Kxf6 Nf3 53. e5 1-0


[Site "https://www.chess.com"]

[Event "Titled Tuesday Blitz May 16 Late 2023"]
[White "Ibarra Jerez, Jose Carlos"]
[Black "Grinev, Valeriy"]
[WhiteFideId "2226332"]
[BlackFideId "14117517"]
[WhiteElo "2638"]
[BlackElo "2366"]
[Result "0-1"]
[Round "10"]
[TimeControl "180+2"]
[Date "2023.05.16"]
[WhiteClock "0:00:03"]
[BlackClock "0:00:45"]

1. e4 c5 2. Nf3 e6 3. d4 cxd4 4. Nxd4 a6 5. c4 Nf6 6. Nc3 Qc7 7. a3 b6 8. Be3 Bb7 9. f3 d6 10. Be2 Be7 11. Rc1 Nbd7 12. O-O O-O 13. b4 Rac8 14. Qd2 Rfe8 15. Rc2 h5 16. h4 Ne5 17. Na4 Ng6 18. Bf2 Nd7 19. g3 Qb8 20. Rfc1 Bd8 21. c5 dxc5 22. bxc5 Nxc5 23. Nxc5 bxc5 24. Rxc5 Rxc5 25. Rxc5 Bb6 26. Rxh5 Rd8 27. Qb4 Bxd4 28. Bxd4 Qxg3+ 29. Kf1 Nxh4 30. Qxb7 Nxf3 31. Bf2 Nd2+ 32. Ke1 Qc3 33. Qb4 Qc1+ 34. Bd1 Nf3+ 35. Kf1 Qxd1+ 36. Kg2 Ne1+ 37. Qxe1 Qxh5 38. Qe3 Qg4+ 39. Bg3 Rc8 40. Qd3 Qg5 41. Qxa6 Rc2+ 42. Kf3 Rc3+ 43. Ke2 Qxg3 44. Qc8+ Rxc8 0-1


[Site "https://www.chess.com"]

[Event "Titled Tuesday Blitz May 16 Late 2023"]
[White "Sviridov, Valery"]
[Black "Guz, Ari"]
[WhiteFideId "4120680"]
[BlackFideId "2825759"]
[WhiteElo "2457"]
[BlackElo "2205"]
[Result "1-0"]
[Round "10"]
[TimeControl "180+2"]
[Date "2023.05.16"]
[WhiteClock "0:01:39"]
[BlackClock "0:00:46"]

1. d4 d5 2. Nf3 Nf6 3. c4 e6 4. g3 dxc4 5. Bg2 Bd7 6. O-O c5 7. Ne5 Nc6 8. Nxc6 Bxc6 9. Bxc6+ bxc6 10. Qa4 Qb6 11. dxc5 Bxc5 12. Nd2 O-O 13. Nxc4 Qb5 14. Qc2 Nd5 15. a3 Nb6 16. Nd2 Rad8 17. Ne4 Be7 18. b3 c5 19. a4 Qc6 20. Be3 f5 21. Bg5 Bxg5 22. Nxg5 c4 23. a5 h6 24. Nf3 Nd5 25. bxc4 Nf6 26. Ne5 Qc5 27. Nd3 Qd4 28. c5 e5 29. c6 e4 30. Nf4 Rfe8 31. Qa2+ Kh7 32. Ne6 Rxe6 33. Qxe6 Rd6 34. Qxf5+ 1-0


[Site "https://www.chess.com"]

[Event "Titled Tuesday Blitz May 16 Late 2023"]
[White "Rastbod, Ali"]
[Black "Pasti, Aron"]
[WhiteFideId "12567477"]
[BlackFideId "785857"]
[WhiteElo "2274"]
[BlackElo "2173"]
[Result "1-0"]
[Round "10"]
[TimeControl "180+2"]
[Date "2023.05.16"]
[WhiteClock "0:00:38"]
[BlackClock "0:00:00"]

1. e4 c5 2. Nf3 e6 3. g3 Nc6 4. Bg2 d6 5. O-O Nf6 6. Qe2 e5 7. c3 g6 8. h3 Bg7 9. Na3 O-O 10. d3 Re8 11. Bg5 Rb8 12. Nc4 b5 13. Ne3 Be6 14. a4 b4 15. Nd2 bxc3 16. bxc3 Rb2 17. Qd1 Na5 18. Ndc4 Bxc4 19. dxc4 h6 20. Bxf6 Qxf6 21. Qd3 Qe6 22. h4 h5 23. Kh2 Bh6 24. Bh3 Qf6 25. Nd5 Qd8 26. Rab1 Rd2 27. Qf3 Bg7 28. Ne3 Rd3 29. Rfc1 Nxc4 30. Qe2 Rxe3 31. fxe3 Nb6 32. a5 Nd7 33. Bxd7 Qxd7 34. a6 Qa4 35. Qb5 Qxb5 36. Rxb5 Bh6 37. Re1 Re6 38. Rb7 Rf6 39. Kg2 g5 40. hxg5 Bxg5 41. Rxa7 Kg7 42. Rb7 d5 43. a7 Ra6 44. exd5 e4 45. Kh3 Ra2 46. Rf1 Bf6 47. d6 Kg6 48. d7 Be7 49. Rb8 1-0


[Site "https://www.chess.com"]